 Dungeon Crawl Stone Soup version 0.27.0-1-g7a089689b8 (webtiles) character file.

Game seed: 17130127594030832229

1626 MisterFreud the Basher (level 8, -7/51 HPs)
             Began as a Gargoyle Fighter on Aug 1, 2021.
             Mangled by an ogre (15 damage)
             ... on level 5 of the Dungeon.
             The game lasted 00:09:41 (6073 turns).

MisterFreud the Basher (Gargoyle Fighter)           Turns: 6073, Time: 00:09:42

Health: -7/51      AC: 14    Str: 22    XL:     8   Next: 97%
Magic:  8/8        EV:  8    Int:  9    God:
Gold:   224        SH: 10    Dex:  9    Spells: 7/7 levels left

rFire    . . .     SeeInvis .   v - +1 whip (venom)
rCold    . . .     Faith    .   c - +0 kite shield
rNeg     + . .     Spirit   .   b - +0 scale mail
rPois    ∞         Reflect  .   n - +1 hat
rElec    +         Harm     .   (no cloak)
rCorr    .         Rampage  .   (no gloves)
Will     .....                  (no boots)
Stlth    ..........             (no amulet)
HPRegen  0.17/turn              (no ring)
MPRegen  0.11/turn              (no ring)

@: mighty
A: sickness immunity, AC +5, negative energy resistance 1, electricity
resistance, torment resistance 1, petrification resistance
a: no special abilities


You were on level 5 of the Dungeon.
You visited 1 branch of the dungeon, and saw 6 of its levels.
You also visited: Ossuary.

You collected 224 gold pieces.

Inventory:

Hand Weapons
 a - a +0 flail
 v - a +1 whip of venom (weapon)
Missiles
 i - 8 poisoned darts (quivered)
Armour
 b - a +0 scale mail (worn)
 c - a +0 kite shield (worn)
 n - a +1 hat (worn)
Jewellery
 d - an amulet of regeneration
 j - an amulet of guardian spirit
 x - a ring of willpower
Wands
 m - a wand of iceblast (9)
 p - a wand of charming (9)
Scrolls
 f - 3 scrolls of teleportation {unknown}
 k - a scroll of acquirement {unknown}
 u - 2 scrolls of brand weapon {unknown}
 w - a scroll of silence {unknown}
 y - 5 scrolls of enchant weapon {unknown}
 A - a scroll of amnesia {unknown}
 C - a scroll of fear {unknown}
 D - a scroll of magic mapping {unknown}
Potions
 e - a potion of degeneration
 g - a potion of flight
 h - 5 potions of curing
 l - 3 potions of heal wounds
 o - a potion of invisibility
 q - 2 potions of resistance {unknown}
 r - a potion of cancellation {unknown}
 s - 2 potions of lignification
 z - a potion of mutation {unknown}
 B - a potion of attraction


   Skills:
 + Level 5.9 Fighting
 - Level 8.0 Maces & Flails
 + Level 5.9 Armour
 - Level 6.0 Shields


You had 7 spell levels left.
You didn't know any spells.
Your spell library contained the following spells:

 Spells                   Type           Power      Damage    Failure   Level
 Magic Dart               Conj           0%         1d3       97%         1
 Searing Ray              Conj           0%         3d3       99%         2
 Fulminant Prism          Conj/Hex       0%         3d6       100%        4


Dungeon Overview and Level Annotations

Branches:
Dungeon (6/15)            Ossuary (visited)
 Temple: D:4-7

Altars:

Shops:
D:4 [

Annotations:
D:5 3 runed translucent doors, Ijyb; Sigmund; stickyfingers's ghost, weakling FoDe


Innate Abilities, Weirdness & Mutations

You are immune to sickness and miasma.
Your stone body is resilient. (AC +5)
You are immune to poison.
You resist negative energy. (rN+)
You are resistant to electric shocks. (rElec)
You are resistant to unholy torment.
You are immune to petrification.


Message History

Edmund is heavily wounded.
Edmund hits you with a +5 flail of protection.
* * * LOW HITPOINT WARNING * * *
You hit Edmund.
Edmund is severely wounded.
You block Edmund's attack.
Ijyb grins evilly.
Your shield prevents you from hitting Edmund.
Edmund is almost dead.
Edmund hits you but does no damage.
Edmund hits you with a +5 flail of protection.
* * * LOW HITPOINT WARNING * * *
You whack Edmund!
You kill Edmund!
Training target 6.0 for Shields reached!
Your Shields skill increases to level 6!
Unknown command.
Unknown command.
Unknown command.
Unknown command.
It was a potion of heal wounds.
You feel much better. The adder bites you but does no damage.
You closely miss the adder. The adder barely misses you.
The adder bites you but does no damage.
You closely miss the adder. The adder bites you.
You whack the adder!
The adder is poisoned.
The adder is severely wounded.
You block the adder's attack.
You barely miss the adder.
The adder is severely wounded.
You block the adder's attack.
You miss the adder.
The adder is almost dead.
You kill the adder!
You closely miss the ogre. The ogre hits you with a +0 giant club!
* * * LOW HITPOINT WARNING * * *
You hit the ogre.
The ogre is lightly wounded.
The ogre hits you with a +0 giant club!
You die...

#..#.# .# ...#.##.# .#
####....# .. .......#
#. ###..#.# .##
###..#†# ..#
.....#.#### #.#
.##.##....######.#
###.#####.....##@# #
#.# #####..#O# ###.####
####.#g# #......#
#.....!# #......#
#.........g<..
#......##..............
#......##..............
#########.........<....
#..............


You could see an ogre and Ijyb.

Vanquished Creatures
  Grinder (D:5)
  Edmund (D:5)
  An ice beast (D:4)
  A black bear (D:4)
  2 necrophages (D:6)
  2 ogres
  2 water moccasin zombies (Ossuary)
  2 scorpions (D:4)
  A centaur skeleton (D:4)
  An orc priest (D:6)
  A gnoll shaman (D:3)
  3 hounds
  2 iguanas (D:6)
  Terence (D:3)
  2 orc wizards (D:5)
  2 mummies (Ossuary)
  5 gnolls (D:4)
  5 adders
  A shadow imp (D:3)
  An ufetubus (D:5)
  3 adder zombies (Ossuary)
  2 worms
  2 dart slugs
  7 orcs
  6 bats
  7 endoplasms
  6 giant cockroaches
  6 gnoll zombies (Ossuary)
  8 goblins
  8 hobgoblins
  20 jackals
  3 kobolds
  5 quokkas
  8 ball pythons
  4 frilled lizards
  6 hobgoblin zombies (Ossuary)
  4 kobold zombies (Ossuary)
  5 orc zombies (Ossuary)
  3 rats
150 creatures vanquished.

Notes
Turn   | Place    | Note
-------+----------+-------------------------------------------
     0 | D:1      | MisterFreud the Gargoyle Fighter began the quest for the
                  | Orb.
     0 | D:1      | Reached XP level 1. HP: 14/14 MP: 1/1
   209 | D:1      | Reached XP level 2. HP: 19/19 MP: 2/2
   373 | D:1      | Reached skill level 3 in Maces & Flails
   634 | D:1      | Found a faded altar of an unknown god.
   803 | D:1      | Reached XP level 3. HP: 23/23 MP: 3/3
  1643 | D:2      | Reached skill level 4 in Maces & Flails
  1783 | D:2      | Reached XP level 4. HP: 22/28 MP: 4/4
  2265 | D:3      | Noticed Terence
  2678 | D:3      | Killed Terence
  2679 | D:3      | Reached skill level 5 in Maces & Flails
  2679 | D:3      | Reached XP level 5. HP: 27/32 MP: 5/5
  3425 | D:4      | Reached skill level 6 in Maces & Flails
  3425 | D:4      | Reached XP level 6. HP: 37/37 MP: 6/6
  3802 | D:4      | Found Heneo's Armour Boutique.
  4169 | D:4      | Reached XP level 7. HP: 13/42 MP: 7/7
  4682 | D:5      | Entered Level 5 of the Dungeon
  4732 | D:4      | Reached skill level 7 in Maces & Flails
  5085 | D:6      | Reached XP level 8. HP: 18/48 MP: 8/8
  5375 | D:6      | Found a sand-covered staircase.
  5383 | Ossuary  | Entered an ossuary
  5521 | Ossuary  | Reached skill level 8 in Maces & Flails
  5521 | Ossuary  | Reached skill level 5 in Shields
  5578 | Ossuary  | Reached skill level 5 in Armour
  5630 | Ossuary  | Reached skill level 5 in Fighting
  5874 | D:5      | Found a runed translucent gate.
  5874 | D:5      | Noticed stickyfingers's ghost (weakling FoDe)
  5878 | D:5      | Found a runed translucent gate.
  5878 | D:5      | Found a runed translucent gate.
  5925 | D:5      | Noticed Grinder
  5928 | D:5      | Paralysed by Grinder for 4 turns
  5938 | D:5      | Killed Grinder
  6047 | D:5      | Noticed Edmund
  6048 | D:5      | Noticed Ijyb
  6048 | D:5      | Noticed Sigmund
  6065 | D:5      | Killed Edmund
  6073 | D:5      | Mangled by an ogre

Illustrated notes

Levels and vault maps discovered:
D:1:      lightli_arrival_statuegarden, layout_basic, basic_ecumenical_altar
D:2:      layout_loops_cross
D:3:      layout_basic, uniq_terence
D:4:      layout_loops_ring, serial_shops, shop_fountains,
          kennysheep_generic_room_16
D:5:      layout_rooms, gammafunk_ghost_split, serial_shops, kennysheep_mini,
          uniq_edmund, uniq_ijyb, uniq_grinder, uniq_sigmund, uniq_eustachio
D:6:      layout_layer_cave, nicolae_ossuary_entry_plus, nicolae_stop_n_shop_2

Skill      XL: |  1  2  3  4  5  6  7  8 |
---------------+-------------------------+-----
Maces & Flails | 3 4 5 6 7 8 |  8.0
Fighting       | 4 5 |  5.9
Armour         | 4 5 |  5.9
Shields        | 4 6 |  6.0

Action                   |  1- 3 |  4- 6 |  7- 9 || total
-------------------------+-------+-------+-------++-------
Melee: Flail             |   148 |   177 |   133 ||   458
       Whip              |       |    36 |   173 ||   209
Throw: Dart              |       |       |     1 ||     1
  Use: Potion            |       |     1 |     5 ||     6
       Scroll            |       |       |     5 ||     5
Armor: Scale mail        |    89 |   115 |   109 ||   313
Dodge: Dodged            |    49 |    70 |    54 ||   173
Block: Kite shield       |    82 |   110 |   122 ||   314
